AoeStats
← NPG | Shimishi Maki

African Clearing

506971244Analyzed
4v4 RM · 17d ago on Sep 16, 2026· 62m 22s· 8 players
Game mode
Random Map
Map size
Large (8 player)
Population
200
Speed
Normal
Resources
Standard
Victory
Conquest
Starting age
Dark Age
Ending age
Imperial Age
RankedLock teamsTeams togetherTeam positionsShared explorationLock speedFull tech treeHidden civsTurbo modeCheats
Victory
Defeat
🇲🇽 Celts · Mexico
1744
+8
🇨🇳 Maya · China
1699
+9
🇵🇪 Franks · Peru
1645
+11
🇦🇷 Koreans · Argentina
1559
+16
🇨🇱 Bohemians · Chile
1664
-15
🇨🇱 Dravidians · Chile
1629
-14
🇨🇱 Spanish · Chile
1523
-10
🇨🇱 Vietnamese · Chile
1363
-5
[KOF] ReKieM
4:06 Loom
12:08 Feudal Age
18:28 Castle Age
16:31 Double-Bit Axe
29:36 Scale Barding Armor
30:58 Chain Barding Armor
32:46 Forging
37:18 Husbandry
41:02 Wheelbarrow
40:12 Town Watch
41:16 Bow Saw
43:53 Hand Cart
47:30 Imperial Age
45:11 Gold Mining
45:12 Stone Mining
47:59 Iron Casting
48:28 Gold Shaft Mining
48:00 Cavalier
49:21 Plate Barding Armor
50:19 Blast Furnace
50:26 Paladin
51:46 Conscription
52:20 Light Cavalry
53:02 Scale Mail Armor
52:52 Fletching
53:03 Padded Archer Armor
53:47 Chivalry
54:09 #83
55:16 Chain Mail Armor
55:38 Hoardings
57:17 Plate Mail Armor
57:13 Caravan
[KOF] JoakoM
9:51 Loom
10:56 Loom
13:08 Feudal Age
17:58 Castle Age
15:52 Fletching
16:24 Double-Bit Axe
16:41 Gold Mining
18:50 Bow Saw
20:29 Ballistics
23:25 Husbandry
26:57 Wheelbarrow
26:08 Town Watch
27:01 Town Watch
33:20 Bodkin Arrow
37:52 Horse Collar
38:59 Stone Mining
41:26 Gold Shaft Mining
40:51 Heavy Plow
43:53 Imperial Age
42:42 Squires
42:28 Arson
42:44 Scale Mail Armor
42:55 Forging
43:42 Masonry
44:23 Chain Mail Armor
45:45 Iron Casting
46:51 Plate Mail Armor
53:33 Hand Cart
56:23 Two-Man Saw
56:55 Bracer
57:05 Elite Skirmisher
57:52 Thumb Ring
60:07 Pikeman
60:48 Halberdier
UXKEKO
11:32 Loom
13:44 Feudal Age
17:46 Castle Age
16:06 Double-Bit Axe
16:50 Fletching
17:54 Gold Mining
18:36 Bodkin Arrow
19:27 Crossbowman
22:46 Ballistics
22:56 Bow Saw
34:08 Town Watch
37:12 Wheelbarrow
38:53 Hand Cart
41:46 Horse Collar
45:43 Imperial Age
43:01 Pikeman
43:42 Scale Mail Armor
43:53 Forging
44:34 Gold Shaft Mining
43:49 Stone Mining
44:40 Chain Mail Armor
44:12 Gambesons
45:52 Capped Ram
47:08 Plate Mail Armor
46:01 Halberdier
47:17 Iron Casting
47:35 Furor Celtica
47:32 Siege Ram
52:58 Conscription
53:50 Heavy Plow
54:03 Heavy Scorpion
56:20 Chemistry
55:31 Masonry
55:02 Treadmill Crane
57:55 Siege Engineers
57:33 Man-at-Arms
58:01 Arson
58:13 Long Swordsman
58:45 Two-Handed Swordsman
60:26 Blast Furnace
60:52 Padded Archer Armor
60:25 Champion
62:37 Hoardings
ARKINE
9:40 Loom
12:21 Feudal Age
16:47 Castle Age
15:13 Double-Bit Axe
15:13 Horse Collar
24:24 Fletching
26:54 Bodkin Arrow
30:03 Bow Saw
32:01 Wheelbarrow
31:12 Town Watch
37:22 Imperial Age
34:56 Padded Archer Armor
35:39 Gold Mining
35:40 Stone Mining
36:07 Leather Archer Armor
36:37 Hand Cart
36:59 Stone Shaft Mining
37:59 Forging
37:50 Scale Mail Armor
37:28 Onager
38:58 Bracer
39:23 Ballistics
39:28 Elite Plumed Archer
40:29 Conscription
41:38 Chemistry
41:50 Squires
42:09 Chain Mail Armor
42:49 Eagle Warrior
44:01 Plate Mail Armor
44:23 Holcans
44:07 Heavy Plow
45:34 Hoardings
45:47 Crop Rotation
46:18 Two-Man Saw
45:18 Arson
46:13 Elite Eagle Warrior
48:18 Iron Casting
48:14 Ring Archer Armor
51:45 Blast Furnace
59:15 Capped Ram
61:09 Siege Ram
NPG | El Compadre
12:03 Feudal Age
12:34 Double-Bit Axe
12:44 Loom
15:40 Fletching
19:21 Padded Archer Armor
20:16 Wheelbarrow
23:48 Castle Age
23:55 Crossbowman
24:41 Thumb Ring
24:32 Bodkin Arrow
25:04 Leather Archer Armor
27:41 Bow Saw
31:32 Ballistics
37:20 Horse Collar
37:31 Gold Mining
42:54 Imperial Age
41:08 Town Watch
41:39 Hand Cart
42:55 Stone Mining
43:39 Bracer
44:09 Ring Archer Armor
44:41 Chemistry
44:13 Conscription
44:44 Masonry
44:09 Elite Elephant Archer
54:55 Scale Mail Armor
55:05 Forging
55:32 Man-at-Arms
55:57 Gambesons
56:14 Squires
55:59 Arson
58:20 Long Swordsman
60:41 Pikeman
NPG | Dequetelasdai
6:42 Loom
13:16 Feudal Age
17:47 Castle Age
16:10 Double-Bit Axe
24:46 Padded Archer Armor
27:50 Wheelbarrow
30:12 Horse Collar
31:25 Bow Saw
31:53 Bloodlines
34:19 Heavy Plow
40:13 Imperial Age
38:09 Stone Mining
38:09 Gold Mining
38:35 Scale Barding Armor
38:46 Forging
39:08 Husbandry
40:06 Chain Barding Armor
39:36 Town Watch
41:03 Hand Cart
41:50 Plate Barding Armor
40:44 Light Cavalry
40:46 Cavalier
43:21 Hussar
47:38 Two-Man Saw
48:04 Sappers
48:54 Conscription
48:59 Fletching
49:24 Leather Archer Armor
50:43 Elite Conquistador
51:58 Hoardings
51:47 Supremacy
52:32 Iron Casting
51:52 Bodkin Arrow
52:53 Ballistics
52:21 Pikeman
53:02 Squires
53:11 Scale Mail Armor
53:08 Halberdier
54:53 Chain Mail Armor
55:52 Capped Ram
57:26 Gold Mining
58:12 Stone Shaft Mining
60:31 Paladin
NPG | Kraxher
2:59 Loom
13:31 Feudal Age
14:16 Double-Bit Axe
22:57 Castle Age
23:02 Crossbowman
NPG | Shimishi Maki
12:46 Loom
14:31 Feudal Age
16:20 Double-Bit Axe
16:18 Horse Collar
18:57 Castle Age
19:57 Bow Saw
20:54 Fervor
21:59 Wheelbarrow
22:53 Fletching
26:27 Town Watch
34:50 Imperial Age
32:47 Heavy Plow
34:58 Wagenburg Tactics
34:41 Elite Skirmisher
35:21 Padded Archer Armor
35:17 Bodkin Arrow
36:38 Chemistry
36:27 Leather Archer Armor
35:57 Imperial Skirmisher
37:33 Ballistics
38:35 Conscription
38:35 Houfnice
41:43 Siege Engineers
45:34 Hand Cart
50:44 Two-Man Saw
49:58 Elite Hussite Wagon
51:07 Masonry
52:42 Guilds
53:02 Coinage
57:24 Murder Holes
58:00 Architecture
58:22 Scale Mail Armor
58:23 Bracer
58:54 Ring Archer Armor
60:38 Chain Mail Armor
60:34 Forging
60:25 Squires
59:45 Pikeman
60:13 Arson
62:04 Sappers
Connection lost

Rejoining the realm…

Still unreachable

The connection could not be restored.

Session expired

The server has moved on; the page needs a fresh start.